 Dungeon Crawl Stone Soup version 0.23-a0-860-g8ff03fb (webtiles) character file.

991 tidbits the Basher (level 8, 46/60 HPs)
             Began as a Gnoll Wanderer on Jan 27, 2019.
             Quit the game in the Ecumenical Temple.
             The game lasted 00:13:06 (1145 turns).

tidbits the Basher (Gnoll Wanderer)                 Turns: 1145, Time: 00:13:07

Health: 46/60      AC:  8    Str: 16    XL:     8   Next: 18%
Magic:  12/12      EV: 12    Int: 17    God:
Gold:   81         SH:  0    Dex: 13    Spells: 10/13 levels left

rFire    . . .     SeeInvis .   c - +0 hunting sling
rCold    . . .     Gourm    .   (no shield)
rNeg     . . .     Faith    .   B - +0 ring mail
rPois    +         Spirit   .   (no helmet)
rElec    .         Reflect  .   (no cloak)
rCorr    .         Harm     .   G - +0 pair of gloves
MR       .....                  F - +0 pair of boots
Stlth    ++........             (no amulet)
HPRegen  0.20/turn              P - ring of poison resistance
MPRegen  0.13/turn              (no ring)

@: no status effects
A: distributed training, fangs 1, strong nose
a: no special abilities


You were in the Ecumenical Temple.
You were not hungry.

You visited 2 branches of the dungeon, and saw 7 of its levels.
You also visited: Ossuary.

You collected 81 gold pieces.

Inventory:

Hand Weapons
 a - a +0 whip of venom
   (You took it off a kobold on level 1 of the Dungeon)
 b - a +2 mace
 c - a +0 hunting sling (weapon)
 d - a +0 dagger
Missiles
 e - 48 bolts
 j - 5 stones (quivered)
Armour
 B - a +0 ring mail (worn)
 F - a +0 pair of boots (worn)
 G - a +0 pair of gloves (worn)
Jewellery
 P - a ring of poison resistance (left hand)
   (You found it on level 5 of the Dungeon)
Wands
 o - a wand of enslavement (9)
Scrolls
 f - a scroll of teleportation {unknown}
 g - 2 scrolls of enchant weapon {unknown}
 q - 3 scrolls of remove curse {unknown}
 r - a scroll of fog
 s - a scroll of enchant armour
 v - a scroll of blinking
Potions
 l - 2 potions of brilliance
 m - a potion of mutation {unknown}
 p - 5 potions of curing
 t - a potion of ambrosia
Comestibles
 i - 4 rations


   Skills:
 + Level 4.0 Fighting
 + Level 3.0 Short Blades
 + Level 3.0 Long Blades
 + Level 3.0 Axes
 + Level 12.3 Maces & Flails
 + Level 3.0 Polearms
 + Level 3.0 Staves
 + Level 3.0 Slings
 + Level 3.0 Bows
 + Level 3.0 Crossbows
 + Level 3.0 Throwing
 + Level 4.0 Armour
 + Level 3.0 Dodging
 + Level 3.8 Stealth
 + Level 4.0 Shields
 + Level 3.0 Unarmed Combat
 + Level 3.0 Spellcasting
 + Level 2.4 Conjurations
 + Level 2.4 Hexes
 + Level 2.4 Charms
 + Level 2.4 Summonings
 + Level 2.4 Necromancy
 + Level 2.4 Translocations
 + Level 2.4 Transmutations
 + Level 2.4 Fire Magic
 + Level 2.4 Ice Magic
 + Level 2.4 Air Magic
 + Level 2.4 Earth Magic
 + Level 2.4 Poison Magic
 + Level 3.3 Invocations
 + Level 3.0 Evocations


You had 10 spell levels left.
You knew the following spells:

 Your Spells              Type           Power        Failure   Level  Hunger
n - Animate Skeleton      Necr           N/A          12%         1    None
t - Confusing Touch       Hex            ##....       12%         1    None
A - Apportation           Tloc           ##....       12%         1    None

Your spell library contained the following spells:

 Spells                   Type           Power        Failure   Level  Hunger
 Summon Small Mammal      Summ           ##..         12%         1    None


Dungeon Overview and Level Annotations

Branches:
Dungeon (6/15)             Temple (1/1) D:4

Altars:
Ashenzari
Elyvilon
Fedhas
Gozag
Hepliaklqana
Kikubaaqudgha
Makhleb
Okawaru
Qazlal
Ru
Sif Muna
Trog
Uskayaw
Vehumet
Wu Jian
Xom
Zin
The Shining One

Shops:
D:4 %

Annotations:
D:5 exclusion: downstairs


Innate Abilities, Weirdness & Mutations

Your experience applies equally to all skills.
You have very sharp teeth.
Your uncanny sense of smell can sniff out nearby items.


Message History

Aim: a quokka (hasn't noticed you)
You shoot a stone. The stone closely misses the quokka.
A bullfrog comes into view.
Firing (i - inventory)
j - 6 stones (quivered)
Press: ? - help, Shift-Dir - straight line, f/p - quokka
Aim: a quokka You shoot a stone.
The stone closely misses the quokka.
The bullfrog croaks.
Wield which item (- for none, * to show all)? (? for menu, Esc to quit)
You are now empty-handed.
The quokka completely misses you.
You hit the quokka.
The quokka is moderately wounded.
The quokka barely misses you.
You miss the quokka.
The quokka is moderately wounded.
The quokka bites you but does no damage.
You completely miss the quokka.
The quokka is moderately wounded.
The quokka bites you but does no damage.
You hit the quokka.
The quokka is heavily wounded.
The bullfrog hits you.
The quokka bites you but does no damage.
The bullfrog hits you but does no damage.
You hit the quokka but do no damage.
The quokka is heavily wounded.
The quokka bites you but does no damage.
The bullfrog hits you.
You smack the quokka!
You kill the quokka!
The bullfrog hits you but does no damage. x2
You smack the bullfrog!
The bullfrog is heavily wounded.
The bullfrog hits you but does no damage.
You hit the bullfrog.
The bullfrog is severely wounded.
The bullfrog hits you but does no damage. x2
You smack the bullfrog!
You kill the bullfrog!
Your Fighting skill increases to level 4!
Your Short Blades skill increases to level 3!
Your Long Blades skill increases to level 3!
Your Axes skill increases to level 3!
Your Polearms skill increases to level 3!
Your Staves skill increases to level 3!
Your Slings skill increases to level 3!
Your Bows skill increases to level 3!
Your Crossbows skill increases to level 3!
Your Throwing skill increases to level 3!
Your Armour skill increases to level 4!
Your Dodging skill increases to level 3!
Your Shields skill increases to level 4!
Your Unarmed Combat skill increases to level 3!
Your Spellcasting skill increases to level 3!
Your Evocations skill increases to level 3!
Wield which item (- for none, * to show all)? (? for menu, Esc to quit)
c - a +0 hunting sling (weapon)
You swing at nothing.
You swing at nothing.
You swing at nothing.
You swing at nothing.
You swing at nothing.
You swing at nothing.
Your transformation is almost over.
You swing at nothing.
You swing at nothing.
You swing at nothing.
You swing at nothing.
You swing at nothing.
You feel less wooden.
Your +0 pair of gloves unmelds from your body.
Your +0 pair of boots unmelds from your body.
Your +0 ring mail unmelds from your body.
Wield which item (- for none, * to show all)? (? for menu, Esc to quit)
Okay, then.
Things that are here:
a quokka corpse; a giant cockroach corpse; a hippogriff corpse Unknown command.
Found a staircase to the Ecumenical Temple.
You see here a stone.
Found 13 gold pieces.
There is a fountain of clear blue water here.
A quokka comes into view.
Found 11 gold pieces.
There is a staircase to the Ecumenical Temple here.
You climb downwards.
Welcome to the Ecumenical Temple!
Found a stormy altar of Qazlal and a bloodstained altar of Trog.
There is a staircase back to the Dungeon here.
Found two altars.
Found a shattered altar of Ashenzari.
Found an ornate altar of the Wu Jian Council.
Found a hide-covered altar of Uskayaw.
Found a radiant altar of Vehumet.
Found a burning altar of Makhleb.
Unknown command.
Found an ancient bone altar of Kikubaaqudgha and a shimmering altar of Xom.
Found a glowing silver altar of Zin.
Found a sacrificial altar of Ru.
Found three altars.
Found an opulent altar of Gozag and a white marble altar of Elyvilon.
Are you sure you want to abandon this character and quit the game? (Confirm with "yes".)

#.........._..._..._...
........_...............
........................
....._..................
........................
..............⌠...⌠.....
..._....................
........................
.......@....⌠.......⌠...
........................
..._....................
..............⌠...⌠.....
........................
....._..................
........................
........_...............
....._..._..._...


There were no monsters in sight!

Vanquished Creatures
  A hippogriff (D:4)
  Menkaure (D:4)
  An ogre (D:5)
  A sky beast (D:5)
  A bullfrog (D:4)
  2 scorpions (D:4)
  A howler monkey (D:5)
  A crimson imp (D:5)
  4 worker ants
  A big kobold zombie (Ossuary)
  A mummy (Ossuary)
  A worker ant zombie (D:5)
  8 adders
  2 adder zombies (Ossuary)
  A dart slug (D:1)
  4 leopard geckos
  An orc (D:4)
  5 bats
  3 giant cockroaches
  A gnoll zombie (Ossuary)
  3 goblins
  2 hobgoblins (D:3)
  3 quokkas
  A ball python (D:4)
  A giant cockroach zombie (D:5)
  2 goblin zombies (Ossuary)
  2 hobgoblin zombies (Ossuary)
  4 kobolds
  2 orc skeletons (D:5)
  An orc zombie (Ossuary)
  4 quokka zombies
  A rat (D:1)
  6 rat zombies (Ossuary)
73 creatures vanquished.

Vanquished Creatures (collateral kills)
  2 mummies (Ossuary)
2 creatures vanquished.

Grand Total: 75 creatures vanquished

Notes
Turn   | Place    | Note
-------+----------+-------------------------------------------
     0 | D:1      | Reached skill level 12 in Maces & Flails
     0 | D:1      | tidbits the Gnoll Wanderer began the quest for the Orb.
     0 | D:1      | tidbits set off with the following items: a +2 mace, a +0
                  | ring mail, a potion of curing, a ration
     0 | D:1      | Reached XP level 1. HP: 17/17 MP: 1/1
    59 | D:1      | Reached XP level 2. HP: 23/23 MP: 2/2
   150 | D:2      | Reached XP level 3. HP: 24/28 MP: 3/3
   212 | D:3      | Reached skill level 1 in Invocations
   269 | D:2      | Reached skill level 1 in Short Blades
   269 | D:2      | Reached skill level 1 in Long Blades
   269 | D:2      | Reached skill level 1 in Axes
   269 | D:2      | Reached skill level 1 in Polearms
   269 | D:2      | Reached skill level 1 in Staves
   269 | D:2      | Reached skill level 1 in Slings
   269 | D:2      | Reached skill level 1 in Bows
   269 | D:2      | Reached skill level 1 in Crossbows
   269 | D:2      | Reached skill level 1 in Throwing
   269 | D:2      | Reached skill level 1 in Dodging
   269 | D:2      | Reached skill level 1 in Unarmed Combat
   269 | D:2      | Reached skill level 1 in Spellcasting
   269 | D:2      | Reached skill level 1 in Evocations
   269 | D:2      | Reached XP level 4. HP: 27/34 MP: 5/5
   396 | D:4      | Found Bixa's Food Shop.
   433 | D:5      | Entered Level 5 of the Dungeon
   449 | D:5      | Noticed a sky beast
   449 | D:5      | Noticed an ogre
   483 | D:5      | Killed a sky beast
   483 | D:5      | Reached skill level 3 in Fighting
   483 | D:5      | Reached skill level 3 in Armour
   483 | D:5      | Reached skill level 3 in Shields
   483 | D:5      | Reached skill level 1 in Conjurations
   483 | D:5      | Reached skill level 1 in Hexes
   483 | D:5      | Reached skill level 1 in Charms
   483 | D:5      | Reached skill level 1 in Summonings
   483 | D:5      | Reached skill level 1 in Necromancy
   483 | D:5      | Reached skill level 1 in Translocations
   483 | D:5      | Reached skill level 1 in Transmutations
   483 | D:5      | Reached skill level 1 in Fire Magic
   483 | D:5      | Reached skill level 1 in Ice Magic
   483 | D:5      | Reached skill level 1 in Air Magic
   483 | D:5      | Reached skill level 1 in Earth Magic
   483 | D:5      | Reached skill level 1 in Poison Magic
   483 | D:5      | Reached XP level 5. HP: 12/41 MP: 5/7
   537 | D:5      | Reached XP level 6. HP: 22/47 MP: 8/8
   544 | D:5      | Reached skill level 3 in Stealth
   544 | D:5      | Reached skill level 2 in Invocations
   619 | D:5      | Reached skill level 2 in Short Blades
   619 | D:5      | Reached skill level 2 in Long Blades
   619 | D:5      | Reached skill level 2 in Axes
   619 | D:5      | Reached skill level 2 in Polearms
   619 | D:5      | Reached skill level 2 in Staves
   619 | D:5      | Reached skill level 2 in Slings
   619 | D:5      | Reached skill level 2 in Bows
   619 | D:5      | Reached skill level 2 in Crossbows
   619 | D:5      | Reached skill level 2 in Throwing
   619 | D:5      | Reached skill level 2 in Dodging
   619 | D:5      | Reached skill level 2 in Unarmed Combat
   619 | D:5      | Reached skill level 2 in Spellcasting
   619 | D:5      | Reached skill level 2 in Evocations
   649 | D:5      | Found a sand-covered staircase.
   657 | Ossuary  | Entered an ossuary
   762 | Ossuary  | Reached XP level 7. HP: 41/52 MP: 10/10
   866 | D:4      | Noticed Menkaure
   872 | D:4      | Killed Menkaure
   895 | D:4      | Learned a level 1 spell: Apportation
   897 | D:4      | Learned a level 1 spell: Animate Skeleton
   899 | D:4      | Learned a level 1 spell: Confusing Touch
   946 | D:4      | Reached skill level 2 in Conjurations
   946 | D:4      | Reached skill level 2 in Hexes
   946 | D:4      | Reached skill level 2 in Charms
   946 | D:4      | Reached skill level 2 in Summonings
   946 | D:4      | Reached skill level 2 in Necromancy
   946 | D:4      | Reached skill level 2 in Translocations
   946 | D:4      | Reached skill level 2 in Transmutations
   946 | D:4      | Reached skill level 2 in Fire Magic
   946 | D:4      | Reached skill level 2 in Ice Magic
   946 | D:4      | Reached skill level 2 in Air Magic
   946 | D:4      | Reached skill level 2 in Earth Magic
   946 | D:4      | Reached skill level 2 in Poison Magic
  1064 | D:4      | Noticed a hippogriff
  1079 | D:4      | Killed a hippogriff
  1079 | D:4      | Reached skill level 3 in Invocations
  1079 | D:4      | Reached XP level 8. HP: 56/60 MP: 10/12
  1093 | D:4      | Reached skill level 4 in Fighting
  1093 | D:4      | Reached skill level 3 in Short Blades
  1093 | D:4      | Reached skill level 3 in Long Blades
  1093 | D:4      | Reached skill level 3 in Axes
  1093 | D:4      | Reached skill level 3 in Polearms
  1093 | D:4      | Reached skill level 3 in Staves
  1093 | D:4      | Reached skill level 3 in Slings
  1093 | D:4      | Reached skill level 3 in Bows
  1093 | D:4      | Reached skill level 3 in Crossbows
  1093 | D:4      | Reached skill level 3 in Throwing
  1093 | D:4      | Reached skill level 4 in Armour
  1093 | D:4      | Reached skill level 3 in Dodging
  1093 | D:4      | Reached skill level 4 in Shields
  1093 | D:4      | Reached skill level 3 in Unarmed Combat
  1093 | D:4      | Reached skill level 3 in Spellcasting
  1093 | D:4      | Reached skill level 3 in Evocations
  1107 | D:4      | Found a staircase to the Ecumenical Temple.
  1116 | Temple   | Entered the Ecumenical Temple
  1145 | Temple   | Quit the game

Vault maps used:
D:1:      nzn_arrival_crosshair, minmay_door_square
D:2:      makhleb_blood_cavern_becter
D:4:      gammafunk_temple_overflow_elements, minmay_temple_entry_large_hall,
          serial_shops, shop, uniq_menkaure
D:5:      nicolae_ossuary_entry_catacombs, first_ration
D:6:      basic_altar
Temple:   compressed_dpeg_circular_temple
Ossuary:  ossuary_minmay_chase

Skill      XL: |  1  2  3  4  5  6  7  8 |
---------------+-------------------------+-----
Maces & Flails | | 12.3
Invocations    | 1 2 3 |  3.3
Short Blades   | 1 2 3 |  3.0
Long Blades    | 1 2 3 |  3.0
Axes           | 1 2 3 |  3.0
Polearms       | 1 2 3 |  3.0
Staves         | 1 2 3 |  3.0
Slings         | 1 2 3 |  3.0
Bows           | 1 2 3 |  3.0
Crossbows      | 1 2 3 |  3.0
Throwing       | 1 2 3 |  3.0
Dodging        | 1 2 3 |  3.0
Unarmed Combat | 1 2 3 |  3.0
Spellcasting   | 1 2 3 |  3.0
Evocations     | 1 2 3 |  3.0
Fighting       | 3 4 |  4.0
Armour         | 3 4 |  4.0
Shields        | 3 4 |  4.0
Conjurations   | 1 2 |  2.4
Hexes          | 1 2 |  2.4
Charms         | 1 2 |  2.4
Summonings     | 1 2 |  2.4
Necromancy     | 1 2 |  2.4
Translocations | 1 2 |  2.4
Transmutations | 1 2 |  2.4
Fire Magic     | 1 2 |  2.4
Ice Magic      | 1 2 |  2.4
Air Magic      | 1 2 |  2.4
Earth Magic    | 1 2 |  2.4
Poison Magic   | 1 2 |  2.4
Stealth        | 3 |  3.8

Action                   |  1- 3 |  4- 6 |  7- 9 || total
-------------------------+-------+-------+-------++-------
Melee: Mace              |    19 |    76 |    22 ||   117
       Whip              |    41 |    47 |    37 ||   125
       Bite              |     5 |    10 |     3 ||    18
       Punch             |       |     1 |     2 ||     3
       Unarmed           |       |       |    14 ||    14
       Dagger            |       |       |     1 ||     1
 Fire: Hunting sling     |       |     1 |    10 ||    11
Throw: Stone             |     6 |     4 |     2 ||    12
Evoke: Wand              |       |     1 |       ||     1
  Use: Potion            |       |     2 |     2 ||     4
       Scroll            |       |       |     7 ||     7
 Stab: Sleeping          |     1 |     1 |     1 ||     3
  Eat: Ration            |       |     1 |       ||     1
Armor: Ring mail         |    15 |    30 |    10 ||    55
       Skin              |       |       |    17 ||    17
Dodge: Dodged            |    23 |    47 |    24 ||    94

Table legend:
 A = Non-vault XP
 B = Vault XP
 C = Vault XP percentage of total XP
 D = Non-vault monster count
 E = Vault monster count
 F = Vault count percentage of total count
                 A         B        C        D         E       F
            +---------+---------+-------+---------+---------+-------
      Total |    1158 |     259 |  18.3 |      51 |      24 |  32.0
            +---------+---------+-------+---------+---------+-------
        D:1 |      18 |       0 |   0.0 |       9 |       0 |   0.0
        D:2 |      32 |       0 |   0.0 |       6 |       0 |   0.0
        D:3 |      67 |       0 |   0.0 |      11 |       0 |   0.0
        D:4 |     614 |     172 |  21.9 |      15 |       1 |   6.2
        D:5 |     427 |       2 |   0.5 |      10 |       2 |  16.7
    Ossuary |       0 |      85 | 100.0 |       0 |      21 | 100.0
            +---------+---------+-------+---------+---------+-------

Table legend:
 A = Turns spent in this place as a percentage of turns spent in the entire game.
 B = Non-inter-level travel turns spent in this place as a percentage of non-inter-level travel turns spent in the entire game.
 C = Inter-level travel turns spent in this place as a percentage of turns spent in this place.
 D = Turns resting spent in this place as a percentage of non-inter-level travel turns spent in this place.
 E = Turns spent auto-exploring this place as a percentage of non-inter-level travel turns spent in this place.
 F = Non-inter-level travel turns spent in this place divided by the number of levels of this place that you've seen.
                   A       B       C       D       E      F
               +-------+-------+-------+-------+-------+----------------------
         Total | 100.0 | 100.0 |   0.0 |   0.0 |   0.0 | 143.1
       Dungeon |  82.5 |  82.5 |   0.0 |   0.0 |   0.0 | 157.5
        Temple |   2.5 |   2.5 |   0.0 |   0.0 |   0.0 |  29.0
       Ossuary |  14.9 |  14.9 |   0.0 |   0.0 |   0.0 | 171.0
               +-------+-------+-------+-------+-------+----------------------

Table legend:
 A = Kills in this place as a percentage of kills in entire the game.
 B = Kills by you in this place as a percentage of kills by you in the entire game.
 C = Kills by friends in this place as a percentage of kills by friends in the entire game.
 D = Other kills in this place as a percentage of other kills in the entire game.
 E = Experience gained in this place as a percentage of experience gained in the entire game.
 F = Experience gained in this place divided by the number of levels of this place that you have seen.
                   A       B       C       D       E      F
               +-------+-------+-------+-------+-------+----------------------
         Total | 100.0 | 100.0 | 100.0 |   N/A | 100.0 | 177.1
       Dungeon |  72.0 |  74.0 |   0.0 |   N/A |  94.0 | 222.0
       Ossuary |  28.0 |  26.0 | 100.0 |   N/A |   6.0 |  85.0
               +-------+-------+-------+-------+-------+----------------------

Vault maps used:
D:1:      nzn_arrival_crosshair, minmay_door_square
D:2:      makhleb_blood_cavern_becter
D:4:      gammafunk_temple_overflow_elements, minmay_temple_entry_large_hall,
          serial_shops, shop, uniq_menkaure
D:5:      nicolae_ossuary_entry_catacombs, first_ration
D:6:      basic_altar
Temple:   compressed_dpeg_circular_temple
Ossuary:  ossuary_minmay_chase
